 Dungeon Crawl Stone Soup version 0.28.0-45-g0d030f2227 (webtiles) character file.

Game seed: 10328875750114627108

378 101zpm the Magician (level 6, -8/33 HPs)
             Began as a Deep Elf Ice Elementalist on Apr 20, 2022.
             Mangled by an orc
             ... wielding a +0 war axe
              (13 damage)
             ... in a bailey.
             The game lasted 00:12:03 (4426 turns).

101zpm the Magician (Deep Elf Ice Elementalist)     Turns: 4426, Time: 00:12:04

Health: -8/33      AC:  0    Str:  5    XL:     6   Next: 45%
Magic:  11/17      EV: 17    Int: 22    God:
Gold:   131        SH:  0    Dex: 15    Spells: 10/17 levels left

rFire   . . .      SeeInvis .   h - +4 club
rCold   . . .      Faith    .   (no shield)
rNeg    . . .      Spirit   .   (no armour)
rPois   .          Reflect  .   (no helmet)
rElec   .          Harm     .   (no cloak)
rCorr   .          Rampage  .   (no gloves)
Will    .....                   (no boots)
Stlth   ++........              x - amulet of regeneration
HPRegen 0.91/turn               n - +4 ring of evasion
MPRegen 0.15/turn               m - ring of flight

@: flying
A: no striking features
a: no special abilities


You were in a bailey.
You visited 1 branch of the dungeon, and saw 5 of its levels.
You also visited: Bailey.

You collected 131 gold pieces.

Inventory:

Hand Weapons
 b - a +0 short sword
 h - a +4 club (weapon)
 D - a +0 shortbow
Missiles
 e - 2 throwing nets
 w - 107 stones
 z - 17 arrows
Armour
 a - a +0 robe
 t - the +1 scale mail of the Morning Star {Regen+ Str-2 Int+6 Slay+4}
   (You found it on level 3 of the Dungeon)

   Str:       It affects your strength (-2).
   Int:       It affects your intelligence (+6).
   Slay:      It affects your accuracy & damage with ranged weapons and melee
   (+4).
   Regen:     It increases your rate of health regeneration.
Magical Staves
 y - a staff of cold
Jewellery
 i - an amulet of reflection
 m - a ring of flight (right hand)
 n - a +4 ring of evasion (left hand)
 x - an amulet of regeneration (around neck)
Wands
 s - a wand of paralysis (3)
Scrolls
 c - a scroll of amnesia {unknown}
 d - a scroll of fear {unknown}
 g - a scroll of noise {unknown}
 j - a scroll of enchant weapon {unknown}
 k - 2 scrolls of identify {unknown}
 l - 2 scrolls of immolation {unknown}
 o - a scroll of blinking {unknown}
 q - 3 scrolls of teleportation
 u - a scroll of enchant armour {unknown}
 v - a scroll of summoning {unknown}
 B - a scroll of holy word {unknown}
Potions
 f - a potion of haste {unknown}
 p - a potion of berserk rage {unknown}
 r - 3 potions of lignification {unknown}
 A - a potion of curing {unknown}
 C - a potion of flight {unknown}


   Skills:
 + Level 0.7 Fighting
 + Level 0.1 Maces & Flails
 + Level 1.1 Armour
 + Level 2.9 Dodging
 + Level 3.5 Stealth
 + Level 0.3 Shields
 + Level 6.4 Spellcasting
 + Level 5.9 Ice Magic


You had 10 spell levels left.
You knew the following spells:

 Your Spells              Type           Power      Damage    Failure   Level
a - Freeze                Ice            100%       1d11      1%          1
b - Frozen Ramparts       Ice            66%        1d8       2%          3
c - Ozocubu's Armour      Ice            33%        N/A       2%          3

Your spell library contained the following spells:

 Spells                   Type           Power      Damage    Failure   Level
 Hailstorm                Conj/Ice       20%        3d6       26%         4


Dungeon Overview and Level Annotations

Branches:
Dungeon (7/15)             Bailey (1/1)
 Temple: D:4-7

Altars:

Shops:
D:4 (


Message History

Press: ? - help, Dir - look around, f - activate
Okay, then.
Okay, then.
Okay, then.
As you read the scroll labelled MYVVOH SUYPH, it crumbles to dust.
You feel strangely unstable.
It was a scroll of teleportation.
The orc misses you. The orc barely misses you.
Casting: Frozen Ramparts (dangerous; 2% risk of failure)
Confirm with . or Enter, or press ? or * to list all spells.
Casting: Frozen Ramparts (dangerous; 2% risk of failure)
Press: ? - help, Dir - look around, f - activate The walls around you are covered in ice.
The wall freezes the orc.
The orc misses you. The orc closely misses you. The orc completely misses you.
Casting: Frozen Ramparts (dangerous; 2% risk of failure)
Confirm with . or Enter, or press ? or * to list all spells.
A film of ice covers your body!
Your surroundings suddenly seem different.
Your icy armour cracks and falls away as you move.
The frozen ramparts melt away as you move. 2 orc knights, an orc warrior and 6 orcs come into view.
Casting: Ozocubu's Armour (dangerous; 2% risk of failure)
Confirm with . or Enter, or press ? or * to list all spells.
Casting: Frozen Ramparts (dangerous; 2% risk of failure)
Press: ? - help, Dir - look around, f - activate
Okay, then.
The orc shouts!
The orc knight shouts! x2; The orc shouts! x3
The orc knight barely misses you. The orc misses you.
The orc knight hits you from afar with a +0 trident!!
Ouch! That really hurt!
* * * LOW HITPOINT WARNING * * *
The orc warrior shouts!
The orc shouts!
The orc completely misses you.
The orc knight roars a battlecry!
The orcs go into a battle-frenzy!
The orc barely misses you. The orc warrior misses you.
The orc shouts!
Unknown command.
The orc hits you with a +0 war axe!
You die...

#######
##.....##
#.....o.+
+..#.o.o+
+..@.oo.+
+..#oooo+
#.......+
##.....##
#######


You could see 2 orc knights, an orc warrior (strong) and 6 orcs.

Vanquished Creatures
  A scorpion (D:4)
  A water moccasin skeleton (D:4)
  A bullfrog skeleton (D:4)
  Jessica (D:3)
  Ijyb (D:3)
  11 adders
  2 worms
  2 dart slugs
  6 orcs
  11 ball pythons
  4 endoplasms
  4 giant cockroaches
  7 goblins
  6 hobgoblins
  6 jackals
  2 quokkas
  7 bats
  4 frilled lizards
  8 kobolds
  3 rats (D:2)
88 creatures vanquished.

Notes
Turn   | Place    | Note
-------+----------+-------------------------------------------
     0 | D:1      | 101zpm the Deep Elf Ice Elementalist began the quest for
                  | the Orb.
     0 | D:1      | Reached XP level 1. HP: 10/10 MP: 6/6
   435 | D:1      | Reached XP level 2. HP: 15/15 MP: 6/8
   537 | D:1      | Found a faded altar of an unknown god.
  1133 | D:2      | Reached skill level 5 in Ice Magic
  1133 | D:2      | Reached XP level 3. HP: 10/19 MP: 6/10
  1369 | D:2      | Reached skill level 4 in Spellcasting
  1560 | D:3      | Noticed Jessica
  1568 | D:3      | Killed Jessica
  1569 | D:3      | Reached XP level 4. HP: 13/24 MP: 7/12
  2196 | D:3      | Reached skill level 5 in Spellcasting
  2398 | D:3      | Reached XP level 5. HP: 28/28 MP: 11/14
  2666 | D:3      | Noticed Ijyb
  2671 | D:3      | Killed Ijyb
  3003 | D:3      | Identified the +1 scale mail of the Morning Star {Regen+
                  | Str-2 Int+6 Slay+4}
  3850 | D:4      | Found Oxtis's Weapon Shoppe.
  3897 | D:4      | Reached skill level 6 in Spellcasting
  3897 | D:4      | Reached XP level 6. HP: 31/33 MP: 15/17
  4230 | D:4      | Reached skill level 1 in Armour
  4283 | D:4      | You are sucked into a shaft and drop 3 floors!
  4302 | D:7      | Learned a level 3 spell: Frozen Ramparts
  4306 | D:7      | Learned a level 3 spell: Ozocubu's Armour
  4324 | D:7      | Found a flagged portal.
  4354 | Bailey   | Entered a bailey
  4412 | Bailey   | Noticed an orc warrior
  4423 | Bailey   | Noticed an orc knight
  4423 | Bailey   | Noticed an orc knight
  4423 | Bailey   | Noticed an orc warrior
  4426 | Bailey   | Mangled by an orc

Illustrated notes

Levels and vault maps discovered:
D:1:      saegor_arrival_simple_d, layout_rooms,
          hellmonk_ecumenical_altar_inner_sanctum
D:2:      layout_basic, st_stairs_2
D:3:      layout_basic, cheibrodos_sewer_entry_bend, minmay_snake_closets,
          uniq_jessica, uniq_ijyb
D:4:      layout_rooms, serial_shops, nicolae_shop_bloodbath_and_beyond,
          eino_small_chamber_without_monster
D:7:      layout_basic, mainiacjoe_overflow_catch_the_wave, enter_bailey_4,
          uniq_menkaure
Bailey:   bailey_polearm_5, bailey

Skill      XL: |  1  2  3  4  5  6 |
---------------+-------------------+-----
Stealth        | 3 |  3.5
Ice Magic      | 5 |  5.9
Spellcasting   | 4 5 6 |  6.4
Armour         | 1 |  1.1
Fighting       | |  0.7
Maces & Flails | |  0.1
Dodging        | |  2.9
Shields        | |  0.3

Action                   |  1- 3 |  4- 6 || total
-------------------------+-------+-------++-------
Melee: Short sword       |     5 |       ||     5
       Club              |       |    78 ||    78
 Cast: Freeze            |    45 |    61 ||   106
       Ozocubu's Armour  |       |     1 ||     1
       Frozen Ramparts   |       |     1 ||     1
  Use: Scroll            |       |     1 ||     1
 Stab: Sleeping          |     2 |       ||     2
Armor: Robe              |     5 |     3 ||     8
       Scale mail        |       |    52 ||    52
Dodge: Dodged            |    29 |    67 ||    96
Block: Other             |       |    18 ||    18
